 Dungeon Crawl Stone Soup version 0.30-a0-883-g5ad918d77d (webtiles) character file.

Game seed: 4085365320911636678

121 cheesebisquit the Chopper (level 4, -2/39 HPs)
             Began as a Minotaur Fighter on Mar 17, 2023.
             Slain by an ogre
             ... wielding a +0 giant club
              (13 damage)
             ... on level 3 of the Dungeon.
             The game lasted 00:07:48 (2290 turns).

cheesebisquit the Chopper (Minotaur Fighter)        Turns: 2290, Time: 00:07:49

Health: -2/39      AC:  9    Str: 29    XL:     4   Next: 76%
Magic:  3/3        EV:  8    Int:  5    God:
Gold:   100        SH:  4    Dex:  9    Spells: 3/3 levels left

rFire   . . .      SeeInvis .    a - +0 war axe
rCold   . . .      Faith    .    c - +0 buckler
rNeg    . . .      Spirit   .    i - +0 chain mail
rPois   .          Reflect  .    (helmet restricted)
rElec   .          Rampage  .    (no cloak)
rCorr   .                        (no gloves)
Will    .....                    (no boots) Stlth
                                 (no amulet)
HPRegen 0.26/turn                v - +6 ring of strength
MPRegen 0.08/turn                (no ring)

@: attractive
A: horns 2, retaliatory headbutt
a: no special abilities


You were on level 3 of the Dungeon.
You visited 1 branch of the dungeon, and saw 3 of its levels.

You collected 100 gold pieces.

Inventory:

Hand Weapons
 a - a +0 war axe (weapon)
 o - a +0 sling
Missiles
 n - 4 atropa-tipped darts
 p - 4 poisoned darts (quivered)
Armour
 c - a +0 buckler (worn)
 i - a +0 chain mail (worn)
Jewellery
 v - a +6 ring of strength (left hand)
Wands
 d - a wand of quicksilver (8)
Scrolls
 b - 2 scrolls of noise {unknown}
 e - 2 scrolls of vulnerability {unknown}
 f - a scroll of poison {unknown}
 g - a scroll of acquirement {unknown}
 h - 2 scrolls of enchant weapon {unknown}
 j - a scroll of amnesia {unknown}
 l - a scroll of teleportation {unknown}
 m - 2 scrolls of identify {unknown}
 q - a scroll of enchant armour {unknown}
Potions
 k - a potion of invisibility {unknown}
 r - a potion of ambrosia {unknown}
 s - a potion of haste {unknown}
 t - a potion of mutation {unknown}
 u - a potion of attraction


   Skills:
 - Level 3.6 Fighting
 * Level 6.1 Axes
 - Level 3.6 Armour
 - Level 3.6 Shields


You had 3 spell levels left.
You didn't know any spells.
Your spell library was empty.

Dungeon Overview and Level Annotations

Branches:
Dungeon (3/15)

Altars:
Makhleb

Shops:
D:1 [


Innate Abilities, Weirdness & Mutations

You have a pair of horns on your head.
You reflexively headbutt those who attack you in melee.


Message History

Your Axes skill increases to level 6!
The rat barely misses you. You furiously retaliate!
You headbutt the rat!
You kill the rat!
You see here an adder corpse.
No target in view!
No target in view!
No target in view!
No target in view!
No target in view!
No target in view!
No target in view!
No target in view!
No target in view!
You see here a rat corpse.
A giant cockroach comes into view.
A hobgoblin comes into view.
The hobgoblin shouts!
You block the giant cockroach's attack.
You hit the giant cockroach.
You kill the giant cockroach!
An ogre comes into view. It is wielding a +0 giant club.
The hobgoblin barely misses you.
You closely miss the hobgoblin. You block the hobgoblin's attack.
You slash the hobgoblin!
You kill the hobgoblin!
You see here a hobgoblin corpse.
The ogre hits you with a +0 giant club!!
Ouch! That really hurt!
* * * LOW HITPOINT WARNING * * *
You are too injured to fight recklessly!
You are too injured to fight recklessly!
You are too injured to fight recklessly!
You are too injured to fight recklessly!
You are too injured to fight recklessly!
Okay, then.
Okay, then.
It was a potion of attraction.
You feel attractive to monsters. The ogre hits you with a +0 giant club!
You die...

###†# ###
#.###†####.########
#.................#
........##.....####.
###..##.........###
#.. ####........# #
... ##.......#.##
... ##...†.....# ##.
#...@...#...
#...O.....##
#.##.....## ...
#.....# ###.
##.#.... .#....#
.#....# .# ...#


You could see an ogre.

Vanquished Creatures
  Terence (D:2)
  Robin (D:2)
  2 adders
  2 worms (D:2)
  3 endoplasms (D:1)
  2 giant cockroaches
  10 goblins
  8 hobgoblins
  7 kobolds
  A quokka (D:2)
  2 ball pythons
  6 bats
  5 frilled lizards
  7 rats
57 creatures vanquished.

Notes
Turn   | Place    | Note
-------+----------+-------------------------------------------
     0 | D:1      | cheesebisquit the Minotaur Fighter began the quest for the
                  | Orb.
     0 | D:1      | Reached XP level 1. HP: 19/19 MP: 0/0
    79 | D:1      | Reached skill level 3 in Axes
   216 | D:1      | Reached XP level 2. HP: 21/26 MP: 1/1
   377 | D:1      | Found a faded altar of an unknown god.
   404 | D:1      | Found Cafyrure's Armour Boutique.
   667 | D:1      | Reached skill level 4 in Axes
   911 | D:2      | Found a burning altar of Makhleb.
   957 | D:2      | Reached XP level 3. HP: 31/31 MP: 2/2
  1015 | D:2      | Noticed Robin
  1026 | D:2      | Killed Robin
  1027 | D:2      | Reached skill level 5 in Axes
  1364 | D:2      | Reached XP level 4. HP: 38/39 MP: 3/3
  1583 | D:2      | Noticed Terence
  1590 | D:2      | Killed Terence
  2272 | D:3      | Reached skill level 6 in Axes
  2285 | D:3      | Noticed an ogre
  2290 | D:3      | Slain by an ogre

Illustrated notes

Levels and vault maps discovered:
D:1:      dpeg_arrival_shrine, layout_basic, serial_shops, shop,
          basic_ecumenical_altar, hangedman_decor_diamond_cutter,
          minmay_tetromino_i2
D:2:      layout_basic, basic_altar, grunt_decor_resistance,
          minmay_statues_item, grunt_ministairs_5, uniq_robin, uniq_terence
D:3:      layout_loops_ring, nicolae_overflow_crystal_walls,
          uniq_crazy_yiuf_cottage

Skill      XL: |  1  2  3  4 |
---------------+-------------+-----
Axes           | 3 4 5 6 |  6.1
Fighting       | |  3.6
Armour         | |  3.6
Shields        | |  3.6

Action                     |  1- 3 |  4- 6 || total
---------------------------+-------+-------++-------
  Melee: War axe           |    77 |    31 ||   108
         Headbutt          |    11 |     4 ||    15
  Throw: Dart              |     9 |       ||     9
    Use: Potion            |     1 |     1 ||     2
 Armour: Chain mail        |    39 |     9 ||    48
         Scale mail        |     1 |       ||     1
  Dodge: Dodged            |    28 |    14 ||    42
  Block: Buckler           |    10 |     3 ||    13

Table legend: (Time is in decaauts)
 A = Elapsed time spent in this place.
 B = Non-inter-level travel time spent in this place.
 C = Inter-level travel time spent in this place.
 D = Time resting spent in this place.
 E = Time spent auto-exploring this place.
 F = Levels seen in this place.
 G = Mean time per level.
                   A        B        C        D        E       F      G
               +--------+--------+--------+--------+--------+-----+--------+
         Total |   2323 |   2210 |    113 |      0 |   1852 |   3 |  774.3 |
       Dungeon |   2323 |   2210 |    113 |      0 |   1852 |   3 |  774.3 |
               +--------+--------+--------+--------+--------+-----+--------+

Top non-repeatable levels by time:
     D:2: 1317 daAuts
     D:1: 903 daAuts
     D:3: 102 daAuts
